 Dungeon Crawl Stone Soup version 0.22-a0-608-g8a62e23 (webtiles) character file.

360 varam the Covert (level 6, -8/53 HPs)
             Began as a Gnoll Wanderer on July 8, 2018.
             Was an Initiate of Gozag.
             Mangled by Crazy Yiuf
             ... wielding a +4 quarterstaff of chaos
              (18 damage)
             ... on level 5 of the Dungeon on July 9, 2018.
             The game lasted 00:13:33 (3922 turns).

varam the Covert (Gnoll Wanderer)                   Turns: 3922, Time: 00:13:34

Health: -8/53      AC: 10    Str: 19    XL:     6   Next: 65%
Magic:  9/9        EV: 14    Int: 17    God:    Gozag
Gold:   496        SH:  0    Dex: 14    Spells: 5/9 levels left

rFire    . . .     SeeInvis .   m - +2 dagger (protect)
rCold    . . .     Gourm    .   (no shield)
rNeg     . . .     Faith    .   j - +0 leather armour
rPois    .         Spirit   .   (no helmet)
rElec    .         Reflect  .   (no cloak)
rCorr    .         Harm     .   (no gloves)
MR       .....                  (no boots)
Stlth    ++++......             (no amulet)
HPRegen  0.17/turn              (no ring)
MPRegen  0.11/turn              (no ring)

@: mighty, protection aura
A: distributed training, fangs 1, strong nose
a: Potion Petition, Call Merchant, Bribe Branch, Renounce Religion


You were on level 5 of the Dungeon.
You worshipped Gozag.
Gozag was aware of your devotion.
You were not hungry.

You visited 1 branch of the dungeon, and saw 5 of its levels.

You collected 527 gold pieces.
You paid 31 gold pieces to Gozag.

Inventory:

Hand Weapons
 m - a +2 dagger of protection (weapon)
Missiles
 g - 127 stones
 v - 5 tomahawks (quivered)
Armour
 f - a +0 robe
 j - a +0 leather armour (worn)
Scrolls
 b - 2 scrolls of amnesia
 d - a scroll of immolation {unknown}
 l - 2 scrolls of fog
 n - 2 scrolls of enchant weapon
 t - 2 scrolls of teleportation
 u - a scroll of magic mapping {unknown}
 w - a scroll of remove curse
 x - a scroll of blinking {unknown}
Potions
 h - a potion of haste
 k - a potion of invisibility {unknown}
 o - a potion of resistance
 p - a potion of cancellation {unknown}
 q - 2 potions of curing
 s - a potion of heal wounds {unknown}
Comestibles
 e - 4 rations


   Skills:
 + Level 6.8 Fighting
 + Level 3.3 Short Blades
 + Level 2.0 Long Blades
 + Level 2.0 Axes
 + Level 2.0 Maces & Flails
 + Level 2.0 Polearms
 + Level 2.0 Staves
 + Level 2.0 Slings
 + Level 2.0 Bows
 + Level 2.0 Crossbows
 + Level 2.0 Throwing
 + Level 2.0 Armour
 + Level 5.0 Dodging
 + Level 8.0 Stealth
 + Level 2.0 Shields
 + Level 2.0 Unarmed Combat
 + Level 2.0 Spellcasting
 + Level 1.6 Conjurations
 + Level 1.6 Hexes
 + Level 1.6 Charms
 + Level 1.6 Summonings
 + Level 1.6 Necromancy
 + Level 1.6 Translocations
 + Level 1.6 Transmutations
 + Level 1.6 Fire Magic
 + Level 1.6 Ice Magic
 + Level 1.6 Air Magic
 + Level 1.6 Earth Magic
 + Level 1.6 Poison Magic
 + Level 2.2 Invocations
 + Level 2.0 Evocations


You had 5 spell levels left.
You knew the following spells:

 Your Spells              Type           Power        Failure   Level  Hunger
a - Confuse               Hex            #.......     34%         3    ###....
b - Beastly Appendage     Tmut           #.....       12%         1    #......

Your spell library contained the following spells:

 Spells                   Type           Power        Failure   Level  Hunger
 Spider Form              Tmut/Pois      #.........   34%         3    ###....
 Blade Hands              Tmut           #.........   97%         5    ######.
 Ice Form                 Ice/Tmut       #.......     75%         4    #####..
 Confusing Touch          Hex            #.....       12%         1    #......
 Sticks to Snakes         Tmut           #.......     19%         2    ###....
 Metabolic Englaciation   Hex/Ice        #.........   97%         5    ######.
 Petrify                  Tmut/Erth      #.......     75%         4    #####..
 Gell's Gravitas          Tloc           #.........   34%         3    ###....
 Yara's Violent Unravell  Hex/Tmut       #.........   97%         5    ######.


Dungeon Overview and Level Annotations

Branches:
Dungeon (5/15)
 Temple: D:4-7

Altars:
Gozag
Hepliaklqana
Makhleb
Okawaru
Qazlal
Xom
The Shining One

Annotations:
D:3 Robin
D:5 Crazy Yiuf


Innate Abilities, Weirdness & Mutations

Your experience applies equally to all skills.
You have very sharp teeth.
Your uncanny sense of smell can sniff out nearby items.


Message History

Crazy Yiuf hits you with a quarterstaff of chaos!
You are electrocuted!
* * * LOW HITPOINT WARNING * * *
You hit Crazy Yiuf but do no damage.
Crazy Yiuf is severely wounded.
You feel sick.
You hit Crazy Yiuf.
Crazy Yiuf is severely wounded.
Crazy Yiuf hits you with a quarterstaff of chaos!
* * * LOW HITPOINT WARNING * * *
It was a potion of curing.
You feel better.
q - 2 potions of curing;
i - a green potion Your talons disappear.
Crazy Yiuf barely misses you.
It was a potion of might.
You feel very mighty all of a sudden. Crazy Yiuf hits you but does no damage.
You are electrocuted!
You die...
Your body crumbles into a pile of gold.

#....####.#
##..## #.#
♣....♣ #.#
♣...♣♣ #o#
♣♣.♣♣ #.#
♣.♣♣ #o#
♣♣.♣ #o#
♣.♣♣ #.#
♣♣@♣ #.#
#g# #.# ...
#.# #...#
#.# #.()#
#o# #####
#.# #.#
###.# #.#.#


You could see Crazy Yiuf.

Vanquished Creatures
  A phantom (D:4)
  A bullfrog zombie (D:3)
  An orc priest (D:5)
  A jelly (D:5)
  A worker ant (D:3)
  6 adders
  An adder zombie (D:3)
  5 worms
  6 dart slugs
  5 orcs
  8 bats
  3 giant cockroaches
  12 goblins
  4 hobgoblins (D:2)
  4 jackals (D:2)
  7 kobolds
  A quokka (D:2)
  5 frilled lizards
  5 rats
77 creatures vanquished.

Notes
Turn   | Place    | Note
-------+----------+-------------------------------------------
     0 | D:1      | varam the Gnoll Wanderer began the quest for the Orb.
     0 | D:1      | varam set off with: a +2 dagger, a +0 short sword, a ration, a +0 robe, a potion of haste, a scroll of teleportation
     0 | D:1      | Reached XP level 1. HP: 23/23 MP: 1/1
   215 | D:1      | Reached XP level 2. HP: 29/29 MP: 2/2
   428 | D:2      | Reached XP level 3. HP: 23/35 MP: 3/3
   666 | D:2      | Reached skill level 1 in Invocations
   695 | D:2      | Found a shimmering altar of Xom.
   862 | D:2      | Found a stormy altar of Qazlal.
   864 | D:2      | Found a glowing golden altar of the Shining One.
   864 | D:2      | Found an opulent altar of Gozag.
   874 | D:2      | Became a worshipper of Gozag Ym Sagoz the Greedy
   909 | D:2      | Reached skill level 1 in Long Blades
   909 | D:2      | Reached skill level 1 in Axes
   909 | D:2      | Reached skill level 1 in Maces & Flails
   909 | D:2      | Reached skill level 1 in Polearms
   909 | D:2      | Reached skill level 1 in Staves
   909 | D:2      | Reached skill level 1 in Slings
   909 | D:2      | Reached skill level 1 in Bows
   909 | D:2      | Reached skill level 1 in Crossbows
   909 | D:2      | Reached skill level 1 in Throwing
   909 | D:2      | Reached skill level 1 in Armour
   909 | D:2      | Reached skill level 1 in Shields
   909 | D:2      | Reached skill level 1 in Unarmed Combat
   909 | D:2      | Reached skill level 1 in Spellcasting
   909 | D:2      | Reached skill level 1 in Evocations
  1103 | D:2      | Reached XP level 4. HP: 41/41 MP: 5/5
  1606 | D:3      | Noticed Robin
  1899 | D:2      | Reached skill level 1 in Conjurations
  1899 | D:2      | Reached skill level 1 in Hexes
  1899 | D:2      | Reached skill level 1 in Charms
  1899 | D:2      | Reached skill level 1 in Summonings
  1899 | D:2      | Reached skill level 1 in Necromancy
  1899 | D:2      | Reached skill level 1 in Translocations
  1899 | D:2      | Reached skill level 1 in Transmutations
  1899 | D:2      | Reached skill level 1 in Fire Magic
  1899 | D:2      | Reached skill level 1 in Ice Magic
  1899 | D:2      | Reached skill level 1 in Air Magic
  1899 | D:2      | Reached skill level 1 in Earth Magic
  1899 | D:2      | Reached skill level 1 in Poison Magic
  1900 | D:2      | Upgraded the game from 0.22-a0-605-g9281fa2 to 0.22-a0-608-g8a62e23
  2223 | D:3      | Found an iron altar of Okawaru.
  2423 | D:3      | Reached XP level 5. HP: 25/47 MP: 5/7
  2672 | D:3      | Found a hazy altar of Hepliaklqana.
  3267 | D:4      | Learned a level 3 spell: Confuse
  3485 | D:4      | Learned a level 1 spell: Beastly Appendage
  3496 | D:4      | Noticed a phantom
  3502 | D:4      | Killed a phantom
  3502 | D:4      | Reached skill level 8 in Stealth
  3502 | D:4      | Reached XP level 6. HP: 51/53 MP: 6/8
  3698 | D:5      | Entered Level 5 of the Dungeon
  3748 | D:5      | Found a runed door.
  3808 | D:5      | Reached skill level 5 in Dodging
  3835 | D:5      | Found a burning altar of Makhleb.
  3911 | D:5      | Noticed Crazy Yiuf
  3922 | D:5      | Mangled by Crazy Yiuf

Vault maps used:
D:1:      dpeg_arrival_rhombus
D:2:      gammafunk_temple_overflow_forgotten, nicolae_overflow_crystal_walls,
          first_ration
D:3:      okawaru_trees_1, lemuel_doored_altar, uniq_robin
D:5:      chequers_temple_overflow_statue_of_worship, enter_ossuary_5,
          uniq_crazy_yiuf_cottage

Skill      XL: |  1  2  3  4  5  6 |
---------------+-------------------+-----
Invocations    | 1 2 |  2.2
Long Blades    | 1 2 |  2.0
Axes           | 1 2 |  2.0
Maces & Flails | 1 2 |  2.0
Polearms       | 1 2 |  2.0
Staves         | 1 2 |  2.0
Slings         | 1 2 |  2.0
Bows           | 1 2 |  2.0
Crossbows      | 1 2 |  2.0
Throwing       | 1 2 |  2.0
Armour         | 1 2 |  2.0
Shields        | 1 2 |  2.0
Unarmed Combat | 1 2 |  2.0
Spellcasting   | 1 2 |  2.0
Evocations     | 1 2 |  2.0
Conjurations   | 1 |  1.6
Hexes          | 1 |  1.6
Charms         | 1 |  1.6
Summonings     | 1 |  1.6
Necromancy     | 1 |  1.6
Translocations | 1 |  1.6
Transmutations | 1 |  1.6
Fire Magic     | 1 |  1.6
Ice Magic      | 1 |  1.6
Air Magic      | 1 |  1.6
Earth Magic    | 1 |  1.6
Poison Magic   | 1 |  1.6
Short Blades   | 3 |  3.3
Stealth        | 8 |  8.0
Dodging        | 5 |  5.0
Fighting       | |  6.8

Action                   |  1- 3 |  4- 6 || total
-------------------------+-------+-------++-------
Melee: Dagger            |   102 |   241 ||   343
       Bite              |     9 |    28 ||    37
       Punch             |       |     2 ||     2
       Headbutt          |       |     2 ||     2
       Kick              |       |     7 ||     7
Throw: Stone             |       |    14 ||    14
       Tomahawk          |       |     1 ||     1
 Cast: Beastly Appendage |       |     4 ||     4
  Use: Potion            |       |     3 ||     3
       Scroll            |       |     5 ||     5
 Stab: Sleeping          |    11 |    14 ||    25
  Eat: Ration            |       |     3 ||     3
Armor: Robe              |    15 |    26 ||    41
       Leather armour    |       |     5 ||     5
Dodge: Dodged            |    70 |   134 ||   204

Table legend:
 A = Spawn XP
 B = Non-spawn XP
 C = Spawn XP percentage of total XP
 D = Spawn monster count
 E = Non-spawn monster count
 F = Spawn count percentage of total count
 G = Total turns spent on level
                    A         B        C        D         E        F      G
               +---------+---------+-------+---------+---------+-------+---------
         Total |       0 |     515 |   0.0 |       0 |      77 |   0.0 |  3922
               +---------+---------+-------+---------+---------+-------+---------
           D:1 |       0 |      20 |   0.0 |       0 |      10 |   0.0 |   439
           D:2 |       0 |     112 |   0.0 |       0 |      31 |   0.0 |  1662
           D:3 |       0 |     163 |   0.0 |       0 |      29 |   0.0 |  1142
           D:4 |       0 |     133 |   0.0 |       0 |       4 |   0.0 |   455
           D:5 |       0 |      87 |   0.0 |       0 |       3 |   0.0 |   224
               +---------+---------+-------+---------+---------+-------+---------
